 Dungeon Crawl Stone Soup version 0.18-a0-1718-g40ea4b6 (webtiles) character file.

15 M4edhros the Sneak (level 2, 0/17 HPs)
             Began as an Octopode Wanderer on Apr 8, 2016.
             Slain by a goblin
             ... wielding a +0 dagger
              (2 damage)
             ... on level 1 of the Dungeon.
             The game lasted 00:01:00 (249 turns).

M4edhros the Sneak (Octopode Wanderer)               Turns: 249, Time: 00:01:00

Health: 0/17       AC:  1    Str: 12    XL:     2   Next: 50%
Magic:  5/5        EV: 11    Int: 14    God:
Gold:   17         SH:  0    Dex: 10    Spells: 0 memorised, 5 levels left

rFire  . . .     SeeInvis .     d - +0 club
rCold  . . .     Gourm    .     (no shield)
rNeg   . . .     Faith    .     (helmet restricted)
rPois  .         Spirit   .     (no amulet)
rElec  .         Dismiss  .     (no ring)
rCorr  .         Reflect  .     (no ring)
SustAt .         Harm     .     (no ring)
MR     .....                    (no ring)
Stlth  +++.......               (no ring)
                                (no ring)
                                (no ring)
                                (no ring)

@: not resistant to hostile enchantments, fairly stealthy
A: almost no armour, amphibious, 8 rings, constrict 8, camouflage 1, gelatinous
body 1
a: no special abilities


You were on level 1 of the Dungeon.
You were not hungry.

You visited 1 branch of the dungeon, and saw 1 of its levels.

You collected 17 gold pieces.

Inventory:

Hand Weapons
 d - a +0 club (weapon)
Scrolls
 e - a scroll of magic mapping {unknown}
 g - a scroll of identify {unknown}
Books
 a - a book of Geomancy

   Spells                             Type                      Level
   a - Sandblast                      Earth                        1
   b - Passwall                       Transmutation/Earth          2
   c - Stone Arrow                    Conjuration/Earth            3
   d - Petrify                        Transmutation/Earth          4
   e - Lee's Rapid Deconstruction     Earth                        5
 b - the Guide on the Volcanoes

   Spells                             Type                      Level
   a - Flame Tongue                   Conjuration/Fire             1
   b - Conjure Flame                  Conjuration/Fire             3
Comestibles
 f - a bread ration


   Skills:
 + Level 3.5 Stealth
   Level 1.0 Shields
 - Level 2.0 Spellcasting
   Level 3.0 Conjurations
   Level 1.0 Translocations
   Level 2.0 Earth Magic


You had 5 spell levels left.
You didn't know any spells.

Dungeon Overview and Level Annotations

Branches:
Dungeon (1/15)

Altars:


Innate Abilities, Weirdness & Mutations

You cannot wear most types of armour.
You are amphibious.
You can wear up to eight rings at the same time.
You can use your tentacles to constrict eight enemies at once.
Your skin changes colour to match your surroundings (Stealth).
Your rubbery body absorbs attacks (AC +1).


Message History

The goblin shouts!
You hit the bat but do no damage. Your grab misses the bat.
Your squeeze misses the bat. The bat hits you but does no damage.
The bat hits you.
* * * LOW HITPOINT WARNING * * *
The bat hits you.
* * * LOW HITPOINT WARNING * * *
You barely miss the bat. You grab the bat. Your squeeze misses the bat.
You constrict the bat. The bat barely misses you.
The bat struggles to escape constriction. x3
The ooze closely misses you.
You closely miss the bat.
The bat is moderately wounded.
You constrict the bat. The bat closely misses you.
The bat struggles to escape constriction. x3
The ooze misses you.
You hit the bat.
You kill the bat!
The ooze misses you. The goblin hits you with a dagger.
You die...

. ##..####....... # #
##....#.#...# .#.. ..
#.##...##..##...##..
#.##..$............
#.###.#.....###....
###.......#.......##
##.........##)......##
#............#.......###
#.#....@..........##...#
#.#...g.J.........## #..
. #....†)..........###..
..>.....)......###....#.#
.#..............#
###..#.#
..#............## ##...#
##..............## #r..#
................# #....
..[............####....


You could see an ooze and a goblin.

Vanquished Creatures
  A giant gecko (D:1)
  A ball python (D:1)
  4 bats (D:1)
  2 goblins (D:1)
  3 hobgoblins (D:1)
11 creatures vanquished.

Notes
Turn   | Place    | Note
--------------------------------------------------------------
     0 | D:1      | M4edhros the Octopode Wanderer began the quest for the Orb.
     0 | D:1      | M4edhros set off with: a book of Geomancy, the Guide on the Volcanoes, a potion of curing, a +0 club, a bread ration
     0 | D:1      | Reached XP level 1. HP: 11/11 MP: 3/3
   144 | D:1      | Reached XP level 2. HP: 8/17 MP: 5/5
   249 | D:1      | Slain by a goblin

Vault maps used:
D:1:      lightli_arrival_lavapool, grunt_decor_mini_mirrors

Skill      XL: |  1  2 |
---------------+-------+-----
Stealth        | 2 3 |  3.5
Shields        | |  1.0
Spellcasting   | |  2.0
Conjurations   | |  3.0
Translocations | |  1.0
Earth Magic    | |  2.0

Action                   || total
-------------------------++-------
Melee: Club              ||    26
  Use: Potion            ||     1
